 Dungeon Crawl Stone Soup version 0.17.2-1-ge4368a0 (webtiles) character file.

324 Goblin1989 the Insei (level 6, 0/47 HPs)
             Began as a Demonspawn Monk on Sept 19, 2016.
             Was a Believer of Okawaru.
             Slain by an ogre
             ... wielding a +0 giant club
              (19 damage)
             ... on level 4 of the Dungeon.
             The game lasted 00:10:55 (2638 turns).

Goblin1989 the Insei (Demonspawn Monk)              Turns: 2638, Time: 00:10:56

Health: 0/47       AC: 11    Str: 13    XL:     6   Next: 23%
Magic:  6/8        EV: 15    Int: 12    God:    Okawaru [**....]
Gold:   200        SH:  0    Dex: 15    Spells: 0 memorised, 5 levels left

rFire  . . .     SeeInvis .       - Unarmed
rCold  + . .     Clarity  .     h - +2 ring mail {rC+}
rNeg   . . .     SustAt   .     (no shield)
rPois  .         Gourm    .     (no helmet)
rElec  .         Spirit   .     m - +0 cloak
rCorr  .         Warding  .     (no gloves)
rMut   .         Stasis   .     (no boots)
MR     .....                    (no amulet)
Stlth  +++.......               (no ring)
                                w - +2 ring of protection

@: heroism, not resistant to hostile enchantments, fairly stealthy
A: claws 1, powered by death 1, powered by pain 1
a: Heroism, Renounce Religion


You were on level 4 of the Dungeon.
You worshipped Okawaru.
Okawaru was pleased with you.
You were not hungry.

You visited 1 branch of the dungeon, and saw 4 of its levels.

You collected 200 gold pieces.

Inventory:

Hand Weapons
 b - a +0 flail
Armour
 h - a +2 ring mail of cold resistance (worn)
 m - a +0 cloak (worn)
 o - a +0 plate armour
Jewellery
 w - a +2 ring of protection (left claw)
Wands
 t - a wand of lightning (8)
 u - a wand of random effects (31)
 y - a wand of magic darts (12)
Scrolls
 a - 2 scrolls of teleportation {unknown}
 c - 3 scrolls of identify {unknown}
 e - 2 scrolls of noise {unknown}
 r - a scroll of fog {unknown}
 x - a scroll of enchant armour {unknown}
Potions
 d - a potion of lignification {unknown}
 g - a potion of flight {unknown}
 i - a potion of cancellation {unknown}
 k - 2 potions of brilliance {unknown}
 n - 3 potions of heal wounds {unknown}
 p - a potion of agility {unknown}
 q - a potion of invisibility {unknown}
Comestibles
 f - 9 fruits
 j - 4 bread rations
 l - 2 meat rations
 s - a beef jerky
 v - 2 slices of pizza
 z - a chunk of flesh


   Skills:
 - Level 3.0(8.0) Fighting
 - Level 2.6(7.6) Dodging
 - Level 1.7(6.7) Stealth
 * Level 6.2(11.2) Unarmed Combat
 + Level 3.9 Invocations


You had 5 spell levels left.
You didn't know any spells.

Dungeon Overview and Level Annotations

Branches:
Dungeon (4/15)             Temple (0/1) D:4

Altars:
Okawaru
Qazlal
Vehumet
Xom


Innate Abilities, Weirdness & Mutations

You have sharp fingernails.
You regenerate a little health from kills.
You sometimes gain a little power by taking damage.


Message History

The ogre is lightly wounded.
You scratch the ogre. You claw the ogre!
The ogre is heavily wounded.
The ogre hits you with a giant club.
You take 3 damage, and have 44/47 hp.
You scratch the ogre.
The ogre is heavily wounded.
The ogre hits you with a giant club!!
Ouch! That really hurt!
You take 25 damage, and have 19/47 hp.
MASSIVE DAMAGE!!
You gain the combat prowess of a mighty hero.
You feel slightly more hungry. The ogre misses you.
You now have 6/8 mp.
You scratch the ogre.
The ogre is severely wounded.
You barely miss the ogre.
The ogre is severely wounded.
The ogre hits you with a giant club!!
You die...

######### #.@O....#
#.#####.# #.# #.#
.. #.# #.# ## #.#
#.# #. #.# #.# #.
#.###########.####.
#.#.........#.#....


You could see an ogre.

Vanquished Creatures
  A centaur (D:3)
  A scorpion (D:4)
  A hound (D:4)
  A worker ant (D:4)
  A worker ant zombie (D:4)
  4 gnolls (D:2)
  3 adders (D:2)
  A worm (D:2)
  3 giant geckos
  10 orcs (D:3)
  5 giant cockroaches
  7 goblins
  7 hobgoblins
  4 jackals
  5 kobolds
  2 quokkas
  A ball python skeleton (D:4)
  8 bats
  3 giant newts
  A quokka skeleton (D:4)
  4 rats
73 creatures vanquished.

Notes
Turn   | Place    | Note
--------------------------------------------------------------
     0 | D:1      | Goblin1989 the Demonspawn Monk began the quest for the Orb.
     0 | D:1      | Reached XP level 1. HP: 18/18 MP: 1/1
   179 | D:1      | Reached skill level 4 in Unarmed Combat
   205 | D:1      | Gained mutation: You have sharp fingernails. [demonic ancestry]
   205 | D:1      | Reached XP level 2. HP: 14/24 MP: 2/2
   825 | D:2      | Found an iron altar of Okawaru.
   833 | D:2      | Became a worshipper of Warmaster Okawaru
   833 | D:2      | Reached * piety under Okawaru
   833 | D:2      | Reached ** piety under Okawaru
   927 | D:2      | Reached skill level 1 in Invocations
   927 | D:2      | Reached XP level 3. HP: 22/29 MP: 3/3
   942 | D:2      | Found a stormy altar of Qazlal.
  1020 | D:2      | Gained mutation: You sometimes gain a little power by taking damage. [demonic ancestry]
  1020 | D:2      | Reached XP level 4. HP: 21/35 MP: 1/5
  1024 | D:2      | Reached skill level 5 in Unarmed Combat
  1406 | D:2      | You fall through a shaft for 2 floors!
  1496 | D:4      | Reached XP level 5. HP: 32/41 MP: 7/7
  1540 | D:4      | Found a staircase to the Ecumenical Temple.
  1892 | D:3      | Found a shimmering altar of Xom.
  1919 | D:3      | Soeti: Где помер?
  1927 | D:3      | Goblin1989: да кучу раз уже
  1927 | D:3      | Goblin1989: ты про кого?
  1927 | D:3      | Goblin1989: o
  1993 | D:3      | Soeti: Про Ds с хорошими мутациями и баклером на +9 инты
  1997 | D:3      | Goblin1989: не
  1997 | D:3      | Goblin1989: то не я
  2007 | D:3      | Found a radiant altar of Vehumet.
  2017 | D:3      | You fall through a shaft!
  2174 | D:3      | Noticed a centaur
  2184 | D:3      | Killed a centaur
  2184 | D:3      | Reached skill level 6 in Unarmed Combat
  2499 | D:4      | Gained mutation: You regenerate a little health from kills. [demonic ancestry]
  2499 | D:4      | Reached XP level 6. HP: 43/47 MP: 8/8
  2507 | D:4      | Goblin1989: olololo!
  2507 | D:4      | Goblin1989: pbp+pbd
  2507 | D:4      | Goblin1989: +monstrous!
  2631 | D:4      | Noticed an ogre
  2638 | D:4      | Slain by an ogre

Action                   |  1- 3 |  4- 6 || total
-------------------------+-------+-------++-------
Melee: Unarmed           |    87 |   141 ||   228
Invok: Heroism           |     1 |     1 ||     2
 Stab: Sleeping          |     3 |       ||     3
       Distracted        |       |     1 ||     1
  Eat: Chunk             |       |     6 ||     6
